 Dungeon Crawl Stone Soup version 0.28-a0-726-g4a9143789a (webtiles) character file.

Game seed: 9295942958628383879

6810 kae the Covert (level 10, -2/51 HPs)
             Began as a Spriggan Enchanter on Oct 27, 2021.
             Was a Priest of Dithmenos.
             Slain by a death yak (19 damage)
             ... on level 9 of the Dungeon.
             The game lasted 00:10:21 (11534 turns).

kae the Covert (Spriggan Enchanter)                Turns: 11534, Time: 00:10:22

Health: -2/51      AC:  8    Str:  7    XL:     10   Next: 77%
Magic:  20/21      EV: 23    Int: 23    God:    Dithmenos [***...]
Gold:   498        SH:  7    Dex: 16    Spells: 17/23 levels left

rFire   . . .      SeeInvis +   a - +2 dagger
rCold   + . .      Faith    .   h - +0 buckler {rC+}
rNeg    . . .      Spirit   .   I - +0 acid dragon scales
rPois   .          Reflect  .   (helmet restricted)
rElec   .          Harm     .   u - +1 cloak
rCorr   +          Rampage  .   (gloves unavailable)
Will    +....                   (boots unavailable)
Stlth   ++++++....              G - amulet of magic regeneration
HPRegen 0.17/turn               f - +4 ring of evasion
MPRegen 0.42/turn               i - +6 ring of intelligence

@: confusing by touch, wreathed by umbra, very quick
A: very small, no large weapons, unfitting armour, see invisible, speed 3
a: Renounce Religion, Shadow Step


You were on level 9 of the Dungeon.
You worshipped Dithmenos.
Dithmenos was most pleased with you.
You visited 1 branch of the dungeon, and saw 10 of its levels.
You also visited: Sewer.

You collected 498 gold pieces.

Inventory:

Hand Weapons
 a - a +2 dagger (weapon)
Missiles
 v - 2 throwing nets (quivered)
Armour
 b - a +2 robe
 h - a +0 buckler of cold resistance (worn)
 u - a +1 cloak (worn)
 I - +0 acid dragon scales (worn)
 L - +0 steam dragon scales
Jewellery
 f - a +4 ring of evasion (left hand)
 i - a +6 ring of intelligence (right hand)
 q - a ring of magical power
 G - an amulet of magic regeneration (around neck)
 H - a ring of magical power
 J - a +6 ring of intelligence
 K - a +6 ring of dexterity
 N - a +4 ring of evasion
Wands
 y - a wand of mindburst (14)
Scrolls
 d - 2 scrolls of holy word
 n - 2 scrolls of fog
 p - 5 scrolls of enchant weapon
 r - 3 scrolls of teleportation
 s - a scroll of summoning {unknown}
 t - 2 scrolls of blinking
 w - a scroll of torment {unknown}
 A - 2 scrolls of enchant armour
 B - a scroll of identify
 C - 2 scrolls of amnesia {unknown}
 D - 2 scrolls of immolation {unknown}
 F - a scroll of brand weapon {unknown}
 M - a scroll of fear
 O - a scroll of vulnerability {unknown}
Potions
 c - a potion of invisibility
 e - 3 potions of heal wounds
 g - 2 potions of flight
 j - a potion of curing {unknown}
 k - 2 potions of might
 l - a potion of brilliance
 m - a potion of magic {unknown}
 o - 3 potions of haste
 x - a potion of mutation {unknown}
 z - a potion of cancellation {unknown}
 E - a potion of lignification {unknown}


   Skills:
 + Level 4.5 Fighting
 * Level 9.0 Short Blades
 + Level 7.9 Dodging
 + Level 9.9 Stealth
 + Level 3.3 Shields
 + Level 7.1 Spellcasting
 + Level 7.6 Hexes
 + Level 5.1 Invocations


You had 17 spell levels left.
You knew the following spells:

 Your Spells              Type           Power      Damage    Failure   Level
a - Ensorcelled Hibernat  Hex/Ice        50%        N/A       6%          2
b - Confusing Touch       Hex            43%        N/A       2%          3
c - Animate Skeleton      Necr           16%        N/A       19%         1

Your spell library contained the following spells:

 Spells                   Type           Power      Damage    Failure   Level
 Tukima's Dance           Hex            43%        N/A       2%          3
 Dazzling Flash           Conj/Hex       50%        N/A       12%         3
 Pain                     Necr           32%        1d5       19%         1
 Vampiric Draining        Necr           4%         2d6       50%         3


Dungeon Overview and Level Annotations

Branches:
Dungeon (10/15)            Temple (0/1) D:5            Lair (0/6) D:10
  Sewer (visited)
    Orc: D:9-12

Altars:
Dithmenos
Gozag
Hepliaklqana
Okawaru
Ru
Sif Muna
Trog
Uskayaw
Vehumet
Wu Jian
Xom
The Shining One

Shops:
D:6 *   D:10 [

Annotations:
D:10 exclusions: 2 death yaks and 2 skeletal warriors


Innate Abilities, Weirdness & Mutations

You are very small and have problems with some larger weapons.
You are too small for most types of armour.
You have supernaturally acute eyesight. (SInv)
You cover ground extremely quickly. (Speed+++)


Message History

Things that are here:
a +0 shortbow; 20 arrows
Found a stone staircase leading down.
Found 25 stones.
Found a leather armour.
You now have 498 gold pieces (gained 15).
Found Yfrafa's Antique Armour Shop.
Found an escape hatch in the ceiling.
Found 9 stones.
Found 23 sling bullets.
A death yak comes into view.
A death yak is nearby!
A death yak is nearby!
A death yak is nearby!
A death yak is nearby!
A death yak is nearby!
Removed exclusion.
Press: ? - help, v - describe, . - travel
Here: a death yak (asleep)
The floor.
Placed new exclusion.
A death yak comes into view.
Found a trident. 2 river rats come into view.
Found 13 sling bullets.
The death yak bellows!
You hear a deafening roar!
You hear a bellow!
A quokka comes into view. x2
There is an escape hatch in the ceiling here.
A hell rat comes into view.
The hell rat roars deafeningly!
You block the death yak's attack. A mysterious force pulls you upwards.
The hatch slams shut behind you.
Casting: Ensorcelled Hibernation (safe; 6% risk of failure)
Confirm with . or Enter, or press ? or * to list all spells.
Your hands begin to glow red.
You hit the death yak but do no damage. The death yak gores you!
You hit the death yak but do no damage. You hit the death yak but do no damage.
The death yak gores you!
You hit the death yak but do no damage. You hit the death yak but do no damage.
The death yak gores you!!
You die...

....# #...# #.####..#
########## #...# #.......#
#(.....# #...# #.......#
#.####.# #.### #.####..######
#.####.###.# #####.####<......#
#.#.....##.###........##.####.#
##.#.##...............[...# #..
#.........#.........##.##.# ###
#.##.##...#.[..@..........#
#.##)##...[<[.Y.....##..#.#
#.##)##...##........###.#.#
#.##.##...##........###.#.#
#.....>...>...............#
#####.#####.....########.###
#.......# #.....# #.# #.###.#.#
#.....# #.# #.###.#.#
#.....########.####


You could see a death yak.

Vanquished Creatures
  3 two-headed ogres
  3 trolls
  A hornet (D:9)
  Prince Ribbit (D:7)
  A vampire (D:10)
  3 steam dragons
  An acid dragon (D:8)
  3 water moccasins
  2 ice beasts
  3 orc warriors
  2 black bears (D:8)
  An ogre (D:4)
  2 phantoms (D:4)
  6 centaurs
  A kobold brigand (D:7)
  2 bullfrogs
  6 killer bees (D:7)
  5 wights
  A bullfrog zombie (D:6)
  4 crimson imps (D:3)
  2 centaur zombies (D:8)
  A jelly (D:6)
  4 hounds
  4 orc priests
  Crazy Yiuf (D:3)
  A bullfrog skeleton (D:5)
  4 iguanas
  Terence (D:2)
  Natasha (thrice) (D:3)
  5 orc wizards
  A killer bee zombie (D:9)
  2 howler monkey skeletons
  10 adders
  3 river rats
  A shadow imp (D:6)
  A white imp (D:6)
  3 ufetubi
  4 worms
  3 dart slugs
  22 orcs
  12 ball pythons
  5 bats
  10 endoplasms
  3 giant cockroaches
  4 hobgoblins
  4 jackals (D:1)
  3 quokkas
  11 frilled lizards
  8 goblins
  9 kobolds
  10 rats
206 creatures vanquished.

Notes
Turn   | Place    | Note
-------+----------+-------------------------------------------
     0 | D:1      | kae the Spriggan Enchanter began the quest for the Orb.
     0 | D:1      | Reached XP level 1. HP: 9/9 MP: 5/5
   265 | D:1      | Reached XP level 2. HP: 12/13 MP: 6/6
   283 | D:1      | Learned a level 2 spell: Ensorcelled Hibernation
   645 | D:1      | Found a faded altar of an unknown god.
  1186 | D:1      | Reached XP level 3. HP: 17/17 MP: 5/8
  1190 | D:1      | Learned a level 3 spell: Confusing Touch
  1192 | D:1      | Learned a level 1 spell: Animate Skeleton
  1785 | D:2      | Noticed Terence
  1790 | D:2      | Killed Terence
  1791 | D:2      | Reached XP level 4. HP: 21/21 MP: 6/9
  1827 | D:2      | Reached skill level 5 in Stealth
  2024 | D:3      | Reached skill level 1 in Fighting
  2367 | D:3      | Found a shadowy altar of Dithmenos.
  2502 | D:3      | Became a worshipper of Dithmenos the Shadowed
  2536 | D:3      | Reached XP level 5. HP: 16/25 MP: 3/10
  2756 | D:3      | Found a shimmering altar of Xom.
  2807 | D:4      | Noticed a phantom
  2832 | D:4      | Noticed an ogre
  2841 | D:4      | Killed an ogre
  2842 | D:4      | Reached XP level 6. HP: 29/30 MP: 5/12
  2856 | D:4      | Reached skill level 1 in Invocations
  2926 | D:4      | Found a glowing drain.
  3092 | Sewer    | Entered a sewer
  3312 | Sewer    | Reached * piety under Dithmenos
  3741 | D:4      | Reached XP level 7. HP: 27/34 MP: 10/14
  4370 | D:4      | Reached skill level 5 in Hexes
  4877 | D:3      | Noticed Natasha
  4879 | D:3      | Killed Natasha
  5034 | D:3      | Found a runed translucent door.
  5035 | D:3      | Noticed Crazy Yiuf
  5042 | D:3      | Killed Crazy Yiuf
  5043 | D:3      | Reached skill level 5 in Short Blades
  5043 | D:3      | Reached skill level 5 in Dodging
  5237 | D:3      | Found a shimmering altar of Xom.
  5326 | D:3      | Noticed Natasha
  5332 | D:3      | Killed Natasha
  5469 | D:3      | Found a shadowy altar of Dithmenos.
  5688 | D:3      | Found a shadowy altar of Dithmenos.
  5905 | D:3      | Found a shimmering altar of Xom.
  5957 | D:3      | Noticed Natasha
  5984 | D:3      | Killed Natasha
  6431 | D:4      | Identified a scroll of acquirement
  6431 | D:4      | Acquired a +0 buckler of cold resistance
  6441 | D:5      | Entered Level 5 of the Dungeon
  6572 | D:5      | Reached XP level 8. HP: 39/39 MP: 12/15
  6725 | D:5      | Found a staircase to the Ecumenical Temple.
  6800 | D:5      | Reached ** piety under Dithmenos
  7240 | D:6      | Found an iron altar of Okawaru.
  7258 | D:6      | Reached skill level 5 in Spellcasting
  7468 | D:6      | Found an opulent altar of Gozag.
  7560 | D:6      | Reached skill level 1 in Shields
  7603 | D:6      | Found Luuxtuf's Serpentskin Sales.
  7975 | D:7      | Noticed Prince Ribbit
  7979 | D:7      | Killed Prince Ribbit
  8129 | D:7      | Reached XP level 9. HP: 44/44 MP: 18/18
  8183 | D:7      | Noticed a two-headed ogre
  8190 | D:7      | Killed a two-headed ogre
  8247 | D:7      | Found a sacrificial altar of Ru.
  8719 | D:7      | Found an ornate altar of the Wu Jian Council.
  8993 | D:8      | Noticed a troll
  9005 | D:8      | Killed a troll
  9334 | D:8      | Found a bloodstained altar of Trog.
  9346 | D:8      | Reached XP level 10. HP: 49/49 MP: 10/20
  9429 | D:8      | Noticed a two-headed ogre
  9436 | D:8      | Killed a two-headed ogre
  9663 | D:8      | Reached *** piety under Dithmenos
 10311 | D:9      | Found a radiant altar of Vehumet.
 10312 | D:9      | Found a hide-covered altar of Uskayaw.
 10316 | D:9      | Noticed a two-headed ogre
 10320 | D:9      | Found a glowing golden altar of the Shining One.
 10327 | D:9      | Killed a two-headed ogre
 10968 | D:10     | Entered Level 10 of the Dungeon
 10970 | D:10     | Reached skill level 5 in Invocations
 11317 | D:10     | Noticed a skeletal warrior
 11317 | D:10     | Noticed a skeletal warrior
 11351 | D:10     | Noticed a death yak
 11353 | D:10     | Found a staircase to the Lair.
 11362 | D:10     | Found a shimmering blue altar of Sif Muna.
 11362 | D:10     | Found a hazy altar of Hepliaklqana.
 11434 | D:10     | Found Yfrafa's Antique Armour Shop.
 11504 | D:10     | Noticed a death yak
 11505 | D:10     | Noticed a death yak
 11534 | D:9      | Slain by a death yak

Illustrated notes

Levels and vault maps discovered:
D:1:      lightli_arrival_isolated_outpost, layout_basic,
          hellmonk_ecumenical_altar_run_dry
D:2:      layout_basic, uniq_terence
D:3:      layout_basic, nicolae_dithmenos_through_a_glass_darkly, led_xom_imps,
          minmay_strange_pillars, dk_noncrumbling_4, minmay_misc_feat_room,
          minmay_misc_feat_tiny, serial_bayou_pond_e, minmay_between,
          uniq_crazy_yiuf_cottage, uniq_natasha
D:4:      layout_rooms, portal_sewer_entry_b
D:5:      layout_basic, minmay_temple_entry_poolview,
          hangedman_abyss_or_decor_jellyfish_corner
D:6:      layout_layer_cave, okawaru_trees_1, mainiacjoe_overflow_alcove_1,
          guppyfry_shop_venom
D:7:      layout_basic, nicolae_wu_jian_glorious_leap, nicolae_ru_awakened_eye,
          kennysheep_generic_room_12, uniq_prince_ribbit1
D:8:      minmay_chambers_of_fours, layout_gridville, trog_ov_bears_minmay
D:9:      layout_loops_cross, amcnicky_altar_gilded,
          mainiacjoe_overflow_catwalk_spiral
D:10:     layout_long_grid, gammafunk_temple_overflow_wave, fedhas_altar_3,
          dpeg_lair_monsters, serial_shops, nicolae_shop_statue_plus

Skill      XL: |  1  2  3  4  5  6  7  8  9 10 |
---------------+-------------------------------+-----
Dodging        | 3 4 5 6 7 |  7.9
Short Blades   | 2 3 4 5 6 7 9 |  9.0
Spellcasting   | 3 4 5 6 7 |  7.1
Hexes          | 4 5 6 7 |  7.6
Stealth        | 5 6 7 9 |  9.9
Fighting       | 1 2 3 4 |  4.5
Invocations    | 1 2 3 4 5 |  5.1
Shields        | 1 2 3 |  3.3

Action                   |  1- 3 |  4- 6 |  7- 9 | 10-12 || total
-------------------------+-------+-------+-------+-------++-------
Melee: Dagger            |   116 |   152 |   247 |   130 ||   645
 Cast: Ensorcelled Hiber |    13 |    36 |    64 |    38 ||   151
       Confusing Touch   |       |     1 |     5 |     8 ||    14
  Use: Scroll            |     4 |    10 |     1 |       ||    15
       Potion            |       |     1 |       |       ||     1
 Stab: Sleeping          |    13 |    33 |    66 |    30 ||   142
       Confused          |       |     2 |     5 |     6 ||    13
       Distracted        |       |       |     1 |       ||     1
Armor: Robe              |    12 |     7 |    18 |       ||    37
       Acid dragon scale |       |       |     1 |    22 ||    23
Dodge: Dodged            |    97 |   115 |   186 |   110 ||   508
Block: Buckler           |       |       |    43 |    47 ||    90

Table legend: (Time is in decaauts)
 A = Elapsed time spent in this place.
 B = Non-inter-level travel time spent in this place.
 C = Inter-level travel time spent in this place.
 D = Time resting spent in this place.
 E = Time spent auto-exploring this place.
 F = Levels seen in this place.
 G = Mean time per level.
                   A        B        C        D        E       F      G
               +--------+--------+--------+--------+--------+-----+--------+
         Total |   8535 |   8340 |    195 |   1892 |   4949 |  11 |  775.9 |
       Dungeon |   8094 |   7899 |    195 |   1819 |   4726 |  10 |  809.4 |
         Sewer |    441 |    441 |      0 |     73 |    223 |   1 |  441.0 |
               +--------+--------+--------+--------+--------+-----+--------+

Top non-repeatable levels by time:
     D:3: 1999 daAuts
     D:1: 1134 daAuts
     D:9: 958 daAuts
     D:4: 843 daAuts
     D:8: 724 daAuts
     D:6: 622 daAuts
     D:7: 607 daAuts
     D:2: 482 daAuts
     D:5: 443 daAuts
   Sewer: 441 daAuts
    D:10: 280 daAuts
